 Dungeon Crawl Stone Soup version 0.14-a0-1029-g9530a8b (webtiles) character file.

10354 Aelig the Basher (level 11, -5/70 HPs)
             Began as a Gargoyle Berserker on Nov 23, 2013.
             Was the Champion of Trog.
             Killed by divine providence
             ... invoked by an orc priest
              (13 damage)
             ... on Level 2 of the Orcish Mines.
             The game lasted 00:46:55 (11999 turns).

Aelig the Basher (Gargoyle Berserker)              Turns: 11999, Time: 00:46:55

HP  -5/70        AC 24     Str 25      XL: 11   Next: 43%
MP  10/10        EV  6     Int  7      God: Trog [******]
Gold 1090        SH  0     Dex  9      Spells:  0 memorised, 10 levels left

Res.Fire  : + . .   See Invis. : .   V - +0,+1 orc morningstar
Res.Cold  : . . .   Warding    : .   E - +2 orc plate armour
Life Prot.: + . .   Conserve   : .   (no shield)
Res.Poison: +       Res.Corr.  : .   (no helmet)
Res.Elec. : +       Clarity    : .   H - +0 cloak
Sust.Abil.: . .     Spirit.Shd : .   (no gloves)
Res.Mut.  : .       Stasis     : .   (no boots)
Res.Rott. : +       Flight     : .   (no amulet)
Saprovore : . . .                    (no ring)
                                     b - ring of protection from fire

@: regenerating, very resistant to hostile enchantments, extremely unstealthy
A: life protection 1, electricity resistance, unbreathing, petrification
resistance, AC +7
a: Burn Spellbooks, Berserk, Trog's Hand, Brothers in Arms, Renounce Religion


You were on level 2 of the Orcish Mines.
You worshipped Trog.
Trog was exalted by your worship.
You were not hungry.

You visited 3 branches of the dungeon, and saw 13 of its levels.

You collected 1090 gold pieces.

Inventory:

Hand weapons
 G - a +1,+0 flail
 Q - a +0,+5 crossbow of frost
 V - a +0,+1 orcish morningstar (weapon)
Missiles
 a - 9 bolts
Armour
 E - a +2 orcish plate armour (worn)
 H - a +0 cloak (worn)
Magical devices
 s - a wand of fire (0)
 w - a wand of draining (0)
 K - a wand of polymorph (7)
 L - a wand of digging (10)
Comestibles
 c - 4 bread rations
 p - a chunk of orc flesh
 N - 6 honeycombs
 S - 3 cheeses
 U - 3 rotting chunks of warg flesh
Scrolls
 e - 3 scrolls of teleportation {unknown}
 f - 3 scrolls of remove curse
 h - 2 scrolls of curse armour {unknown}
 i - 6 scrolls of identify
 j - 2 scrolls of curse weapon {unknown}
 k - 2 scrolls of noise {unknown}
 m - 2 scrolls of blinking {unknown}
 o - a scroll of fear {unknown}
 y - a scroll of random uselessness {unknown}
 B - a scroll of fog {unknown}
 C - 2 scrolls of immolation {unknown}
 D - a scroll of enchant weapon I {unknown}
 I - a scroll of magic mapping {unknown}
Jewellery
 b - a ring of protection from fire (left hand)
 v - an uncursed ring of ice
 F - the amulet "Duetuec" {Stasis rF+}
   (You found it on level 6 of the Dungeon)

   [amulet of stasis]

   It protects you from fire.
Potions
 d - 4 potions of curing
 g - a potion of degeneration {unknown}
 l - 2 potions of restore abilities {unknown}
 n - a potion of agility {unknown}
 q - a potion of beneficial mutation {unknown}
 r - a potion of flight {unknown}
 t - a potion of lignification {unknown}
 u - a potion of confusion {unknown}
 x - 3 potions of heal wounds {unknown}
 z - a potion of mutation {unknown}
 A - a potion of brilliance {unknown}
 J - a potion of might {unknown}
 M - a potion of resistance {unknown}
 O - a potion of poison {unknown}
 P - 2 potions of invisibility {unknown}
 R - a potion of porridge
 T - a potion of speed {unknown}


   Skills:
 + Level 11.4 Fighting
 * Level 13.7 Maces & Flails
 + Level 7.8 Armour
 - Level 1.5 Dodging


You had 10 spell levels left.
You didn't know any spells.

Dungeon Overview and Level Annotations

Branches:
Dungeon (10/16)            Temple (1/1) D:5             Orc (2/4) D:9
   Lair: D:8-11

Altars:
Ashenzari
Cheibriados
Elyvilon
Fedhas
Kikubaaqudgha
Makhleb
Okawaru
Sif Muna
Trog
Vehumet
Xom
Zin
the Shining One

Shops:
D:6 =   D:8 }

Annotations:
D:9 exclusion: door
D:10 Gastronok


Innate Abilities, Weirdness & Mutations

You are resistant to torment.
You are immune to poison.
Your stone body is very resilient (AC +7).
You resist negative energy.
You are resistant to electric shocks.
You can survive without breathing.
You are immune to petrification.


Message History

* * * LOW HITPOINT WARNING * * *
The orc barely misses you.
Things that are here:
an orcish mace; an orc corpse The orc priest hits you but does no damage.
Items here: %% ))) [ The orc priest calls down the wrath of Beogh upon you.
You resist.
You hit the orc priest.
The orc priest is lightly wounded.
The orc hits you but does no damage.
The orc priest calls down the wrath of Beogh upon you.
Something smites you!
* * * LOW HITPOINT WARNING * * *
Drink which item? (? for menu, Esc to quit)
You feel better.
It was a potion of curing.
The orc hits you but does no damage. The orc closely misses you.
The orc priest mumbles some strange prayers to Beogh against you.
Something smites you!
You die...

#......#..8..# #...
##.(...#....... ##..
#......#....... ###
#....8.#..#..# #
##...))#.....# #..o.)).....#
. #.....(..#..# '..
##.....'.....# .'.
#......#...o@# o.
#....8.#..#oo###'###.o# #
##.....#....))......... ##
#......#.....)......... #.
##.....#..8..#..#..#.. ##
#......#.............. #
#.....##.............. ####
##.#..############### ###...
###..)...##.......#####.....


You could see an orc priest and 2 orcs.

Vanquished Creatures
  A giant amoeba (D:9)
  5 trolls
  The ghost of ark the Covert, an experienced KoAs of Kikubaaqudgha (D:6)
  A shark (D:9)
  Eustachio (D:7)
  A hippogriff (D:7)
  2 wyverns
  A hungry ghost (D:7)
  A soldier ant (D:10)
  A giant goldfish (D:9)
  A sky beast (D:5)
  8 orc warriors
  A yellow wasp (D:9)
  A phantom (D:6)
  6 ogres
  3 wargs
  2 centaurs
  A brain worm (D:10)
  A giant slug (D:10)
  8 giant frogs
  3 jellyfish (D:9)
  11 killer bees
  13 wights
  A quasit (D:6)
  3 crimson imps (D:9)
  2 goliath beetles
  3 hounds
  7 jellies
  A gnoll shaman (D:6)
  A big fish (D:9)
  3 electric eels (D:9)
  A giant frog skeleton (D:7)
  20 orc priests
  4 scorpions
  An iguana (D:9)
  A water moccasin skeleton (D:9)
  6 worker ants
  Ijyb (D:3)
  Terence (D:3)
  20 orc wizards
  8 adders
  11 gnolls
  A giant centipede (D:10)
  3 worms
  2 giant mites
  An iguana zombie (D:7)
  2 giant geckos (D:3)
  7 oozes
  110 orcs
  10 bats
  9 goblins
  10 hobgoblins
  7 jackals
  7 kobolds
  4 quokkas
  3 ball pythons
  6 giant cockroaches
  2 giant newts
  2 giant spores (D:9)
  A hobgoblin zombie (D:7)
  A kobold zombie (D:6)
  An orc zombie (D:6)
  A quokka zombie (D:6)
  12 rats
  6 ballistomycetes
377 creatures vanquished.

Vanquished Creatures (others)
  An electric eel (D:9)
  An orc wizard (D:10)
  An orc priest (D:10)
  2 orcs
  A bat (D:2)
  A giant spore (D:10)
  9 fungi (D:9)
  A plant (D:9)
17 creatures vanquished.

Grand Total: 394 creatures vanquished

Notes
Turn   | Place    | Note
--------------------------------------------------------------
     0 | D:1      | Aelig, the Gargoyle Berserker, began the quest for the Orb.
     0 | D:1      | Reached XP level 1. HP: 14/14 MP: 0/0
   173 | D:1      | Reached skill level 4 in Maces & Flails
   173 | D:1      | Reached XP level 2. HP: 16/19 MP: 1/1
   560 | D:1      | Reached XP level 3. HP: 24/24 MP: 2/2
  1214 | D:2      | Reached skill level 5 in Maces & Flails
  1221 | D:2      | Acquired Trog's second power
  1293 | D:2      | Reached XP level 4. HP: 28/28 MP: 3/3
  1685 | D:3      | Noticed Terence
  1691 | D:3      | Noticed Ijyb
  1702 | D:3      | Killed Terence
  1715 | D:3      | Killed Ijyb
  1715 | D:3      | Reached skill level 6 in Maces & Flails
  1923 | D:3      | Reached XP level 5. HP: 28/33 MP: 4/4
  2526 | D:4      | Reached skill level 7 in Maces & Flails
  2626 | D:4      | Reached XP level 6. HP: 38/38 MP: 5/5
  3031 | D:5      | Entered Level 5 of the Dungeon
  3049 | D:5      | Reached skill level 8 in Maces & Flails
  3402 | D:5      | Reached XP level 7. HP: 35/42 MP: 6/6
  3637 | D:5      | Reached skill level 9 in Maces & Flails
  3722 | D:5      | Found a staircase to the Ecumenical Temple.
  3729 | Temple   | Entered the Ecumenical Temple
  4164 | D:6      | Acquired Trog's third power
  4222 | D:6      | Reached XP level 8. HP: 42/48 MP: 7/7
  4396 | D:6      | Reached skill level 10 in Maces & Flails
  4688 | D:6      | Noticed ark's ghost (experienced KoAs)
  4803 | D:6      | Got a crude ruby amulet
  4830 | D:6      | Killed ark's ghost
  4830 | D:6      | Reached skill level 11 in Maces & Flails
  4864 | D:6      | Reached skill level 5 in Fighting
  4996 | D:6      | Found Traov's Jewellery Shop.
  5007 | D:6      | Identified the amulet "Duetuec" {Stasis rF+} (You found it on level 6 of the Dungeon)
  5111 | D:6      | Reached XP level 9. HP: 43/53 MP: 8/8
  5535 | D:7      | Noticed Eustachio
  5554 | D:7      | Killed Eustachio
  5554 | D:7      | Reached skill level 12 in Maces & Flails
  6455 | D:8      | Found Inilulil's Gadget Emporium.
  6673 | D:8      | Reached XP level 10. HP: 21/63 MP: 9/9
  7135 | D:8      | Reached skill level 5 in Armour
  7347 | D:9      | Noticed a giant amoeba
  7441 | D:9      | Killed a giant amoeba
  7441 | D:9      | Reached skill level 10 in Fighting
  7923 | D:10     | Entered Level 10 of the Dungeon
  8251 | D:10     | Noticed Gastronok
  8263 | D:10     | Got an amber-encrusted chain mail
  8314 | D:10     | Identified the +1 chain mail of Misanthropy {Str+1 Int+3} (You found it on level 10 of the Dungeon)
  8881 | D:9      | Received a gift from Trog
  8882 | D:9      | Found an iron altar of Okawaru.
  9199 | D:9      | Reached XP level 11. HP: 59/70 MP: 10/10
  9228 | D:9      | Reached skill level 13 in Maces & Flails
  9864 | D:9      | Found a staircase to the Orcish Mines.
  9927 | Orc:1    | Entered Level 1 of the Orcish Mines
 10496 | Orc:2    | Received a gift from Trog
 11589 | Orc:2    | Received a gift from Trog
 11998 | Orc:2    | HP: 2/70 [orc priest/divine providence (10)]
 11999 | Orc:2    | Killed from afar by an orc priest

Action                   |  1- 3 |  4- 6 |  7- 9 | 10-12 || total
-------------------------+-------+-------+-------+-------++-------
Melee: Mace              |   100 |   229 |   135 |       ||   464
       Flail             |       |       |   323 |   476 ||   799
       Morningstar       |       |       |       |   191 ||   191
 Fire: Crossbow          |       |       |       |     9 ||     9
Invok: Berserk           |       |     1 |    10 |     6 ||    17
       Trog's Hand       |       |       |       |     2 ||     2
Evoke: Wand              |       |     2 |     4 |    14 ||    20
  Use: Scroll            |       |       |     4 |     1 ||     5
       Potion            |       |       |       |     1 ||     1
